 Dungeon Crawl Stone Soup version 0.27-a0-1416-g941b2bd30b (webtiles) character file.

Game seed: 1739483904176454886

14 blackman the Conjurer (level 2, 0/20 HPs)
             Began as a Draconian Conjurer on July 1, 2021.
             Slain by a goblin (1 damage)
             ... on level 1 of the Dungeon.
             The game lasted 00:02:47 (522 turns).

blackman the Conjurer (Draconian Conjurer)           Turns: 522, Time: 00:02:48

Health: 0/20       AC:  4    Str:  9    XL:     2   Next: 31%
Magic:  5/5        EV: 12    Int: 18    God:
Gold:   23         SH:  0    Dex:  9    Spells: 4/5 levels left

rFire    . . .     SeeInvis .   a - +0 club
rCold    + . .     Faith    .   (no shield)
rNeg     . . .     Spirit   .   (armour unavailable)
rPois    .         Reflect  .   (helmet restricted)
rElec    .         Harm     .   (no cloak)
rCorr    .         Rampage  .   (no gloves)
Will     .....                  (no boots)
Stlth    ++........             (no amulet)
HPRegen  0.06/turn              c - ring of protection from cold
MPRegen  0.09/turn              (no ring)

@: no status effects
A: AC +4, unfitting armour, cold-blooded
a: no special abilities


You were on level 1 of the Dungeon.
You visited 1 branch of the dungeon, and saw 1 of its levels.

You collected 23 gold pieces.

Inventory:

Hand Weapons
 a - a +0 club (weapon)
Jewellery
 c - a ring of protection from cold (left hand)
Scrolls
 b - a scroll of amnesia {unknown}
 d - 2 scrolls of identify {unknown}


   Skills:
 + Level 2.0 Dodging
 + Level 2.1 Stealth
 + Level 2.2 Spellcasting
 + Level 4.1 Conjurations


You had 4 spell levels left.
You knew the following spells:

 Your Spells              Type           Power      Damage    Failure   Level
a - Magic Dart            Conj           64%        1d6       3%          1

Your spell library contained the following spells:

 Spells                   Type           Power      Damage    Failure   Level
 Searing Ray              Conj           32%        3d4       4%          2
 Dazzling Flash           Conj/Hex       18%        N/A       22%         3
 Fulminant Prism          Conj/Hex       4%         3d6       58%         4
 Iskenderun's Mystic Bla  Conj/Tloc      9%         2d4       58%         4


Dungeon Overview and Level Annotations

Branches:
Dungeon (1/15)

Altars:

Shops:
D:1 !


Innate Abilities, Weirdness & Mutations

Your plain brown scales are hard. (AC +4)
You cannot fit into any form of body armour.
You are cold-blooded and may be slowed by cold attacks.


Message History

You hit the jackal but do no damage.
Your tail-slap misses the jackal.
The jackal misses you. The jackal bites you.
The goblin hits you with a +0 dagger.
You closely miss the jackal. The jackal closely misses you.
The jackal misses you. The goblin hits you with a +0 dagger.
You hit the jackal.
You tail-slap the jackal, but do no damage.
The jackal is severely wounded.
The jackal bites you but does no damage.
The goblin barely misses you. The jackal closely misses you.
You closely miss the jackal.
The jackal is heavily wounded.
The jackal misses you. The goblin hits you but does no damage.
The jackal closely misses you.
You hit the jackal but do no damage.
Your tail-slap misses the jackal.
The jackal is moderately wounded.
The goblin hits you but does no damage. The jackal closely misses you.
The goblin closely misses you.
You hit the jackal.
You kill the jackal!
The goblin hits you with a +0 dagger.
You hit the dart slug.
The dart slug is heavily wounded.
The goblin hits you with a +0 dagger. The dart slug launches a dart at you.
The slug dart hits you.
* * * LOW HITPOINT WARNING * * *
You hit the dart slug.
The dart slug is severely wounded.
The goblin hits you with a +0 dagger.
* * * LOW HITPOINT WARNING * * *
The dart slug bites you.
* * * LOW HITPOINT WARNING * * *
The goblin completely misses you.
You hit the dart slug.
The dart slug is almost dead.
The dart slug bites you.
* * * LOW HITPOINT WARNING * * *
The goblin hits you with a +0 dagger.
You die...

#.#.....".... #.#......)...
#######.#.......... ######
#.........#$..##### ......
###.##....#.#........
......
#...##....#.#........
......
#.####....'.'........
...... #.# #....#.#wg......
......
#.####....#.#@...##..
...... #.##......#.#....# .
...... #.##...##........#
......
###.##...##.#.#...†###
######
#.......###..........# #.#
#######.##...........#####
#.# ##...#...#..........#
#.#
#........##...##....####.##
#........####.##....#...)))


You could see a dart slug and a goblin.

Vanquished Creatures
  2 endoplasms (D:1)
  4 goblins (D:1)
  A hobgoblin (D:1)
  A jackal (D:1)
  A kobold (D:1)
  2 ball pythons (D:1)
  A bat (D:1)
12 creatures vanquished.

Notes
Turn   | Place    | Note
-------+----------+-------------------------------------------
     0 | D:1      | blackman the Draconian Conjurer began the quest for the
                  | Orb.
     0 | D:1      | Reached XP level 1. HP: 14/14 MP: 3/3
   124 | D:1      | Found Wiqeemukis's Distillery.
   191 | D:1      | Reached XP level 2. HP: 15/20 MP: 1/5
   522 | D:1      | HP: 1/20 [dart slug (2)]
   522 | D:1      | Slain by a goblin

Illustrated notes

Levels and vault maps discovered:
D:1:      lemuel_arrival_cross, layout_basic, serial_shops, nicolae_shop_trees

Skill      XL: |  1 |
---------------+----+-----
Stealth        | 2 |  2.1
Dodging        | 2 |  2.0
Spellcasting   | |  2.2
Conjurations   | |  4.1

Action                   || total
-------------------------++-------
Melee: Club              ||    33
       Unarmed           ||     1
       Tailslap          ||     4
 Cast: Magic Dart        ||    14
Armor: Skin              ||    14
Dodge: Dodged            ||    25

Table legend: (Time is in decaauts)
 A = Elapsed time spent in this place.
 B = Non-inter-level travel time spent in this place.
 C = Inter-level travel time spent in this place.
 D = Time resting spent in this place.
 E = Time spent auto-exploring this place.
 F = Levels seen in this place.
 G = Mean time per level.
                   A        B        C        D        E       F      G
               +--------+--------+--------+--------+--------+-----+--------+
         Total |    530 |    519 |     11 |    201 |    166 |   1 |  530.0 |
       Dungeon |    530 |    519 |     11 |    201 |    166 |   1 |  530.0 |
               +--------+--------+--------+--------+--------+-----+--------+

Top non-repeatable levels by time:
     D:1: 530 daAuts
